 Dungeon Crawl Stone Soup version 0.29.1-2-gbd0b4ee654 (webtiles) character file.

Game seed: 17052810087485194225

1621 Icepheonix32 the Sneak (level 8, -6/51 HPs)
             Began as an Octopode Transmuter on Nov 18, 2022.
             Was an Initiate of Gozag.
             Mangled by an orc warrior
             ... wielding a +0 mace
              (12 damage)
             ... on level 7 of the Dungeon.
             The game lasted 00:12:30 (8427 turns).

Icepheonix32 the Sneak (Octopode Transmuter)        Turns: 8427, Time: 00:12:30

Health: -6/51      AC:  5    Str: 11    XL:     8   Next: 96%
Magic:  22/22      EV: 14    Int: 19    God:    Gozag
Gold:   679        SH:  0    Dex: 12    Spells: 5/14 levels left

rFire   + . .      SeeInvis .   k - +1 short sword of Xom's Grace {flame, rF+ Int+3 Stlth+}
rCold   . . .      Faith    .   (no shield)
rNeg    . . .      Spirit   .   (helmet currently unavailable)
rPois   .          Reflect  .   (no amulet)
rElec   .          Harm     .   h - ring of magical power
rCorr   .          Rampage  .   m - +4 ring of protection
Will    .....                   (no ring)
Stlth   +++++.....              (no ring)
HPRegen 0.17/turn               (no ring)
MPRegen 0.18/turn               (no ring)
                                (no ring)
                                (no ring)

@: appendages (expiring), gold aura
A: tentacle spike 3, almost no armour, amphibious, 8 rings, camouflage 1,
gelatinous body 1, (nimble swimmer 1), tentacles
a: End Transformation, Renounce Religion, Potion Petition, Call Merchant, Bribe
Branch


You were on level 7 of the Dungeon.
You worshipped Gozag.
Gozag was pleased with you.
One of your tentacles had grown a beastly spike.
You visited 2 branches of the dungeon, and saw 8 of its levels.

You collected 780 gold pieces.
You paid 101 gold pieces to Gozag.

Inventory:

Hand Weapons
 c - a +2 short sword of draining
 k - the +1 short sword of Xom's Grace (weapon) {flame, rF+ Int+3 Stlth+}
   (You found it on level 2 of the Dungeon)

   It burns those it strikes, dealing additional fire damage.
   Int:       It affects your intelligence (+3).
   rF:        It protects you from fire.
   Stlth:     It makes you more stealthy.
Missiles
 B - 2 throwing nets
Jewellery
 h - a ring of magical power (left tentacle)
 m - a +4 ring of protection (right tentacle)
Wands
 e - a wand of digging (6)
 j - a wand of paralysis (9)
 n - a wand of flame (21)
 A - a wand of roots (9)
Scrolls
 l - a scroll of fear
 o - 7 scrolls of identify
 s - a scroll of magic mapping {unknown}
 t - 3 scrolls of vulnerability {unknown}
 u - 2 scrolls of torment {unknown}
 w - 4 scrolls of noise {unknown}
 x - a scroll of enchant weapon {unknown}
 y - 3 scrolls of teleportation {unknown}
 z - a scroll of enchant armour
 C - a scroll of immolation {unknown}
 D - a scroll of poison {unknown}
 E - a scroll of butterflies {unknown}
 F - a scroll of blinking
Potions
 a - a potion of lignification
 b - 4 potions of heal wounds
 d - 2 potions of flight {unknown}
 f - a potion of invisibility {unknown}
 g - 2 potions of curing
 i - 4 potions of mutation {unknown}
 p - 2 potions of might {unknown}
 q - a potion of degeneration {unknown}
 r - 2 potions of haste {unknown}
 v - a potion of resistance


   Skills:
 + Level 2.3 Fighting
 * Level 5.2 Dodging
 + Level 6.0 Stealth
 * Level 5.4 Unarmed Combat
 + Level 3.6 Spellcasting
 * Level 5.2 Transmutations
 * Level 1.9 Air Magic
 * Level 3.5 Poison Magic


You had 5 spell levels left.
You knew the following spells:

 Your Spells              Type           Power      Damage    Failure   Level
a - Beastly Appendage     Tmut           46%        N/A       1%          1
b - Spider Form           Tmut/Pois      20%        N/A       7%          3
c - Mephitic Cloud        Conj/Pois/Air  10%        N/A       21%         3
d - Wereblood             Tmut           23%        N/A       2%          2

Your spell library contained the following spells:

 Spells                   Type           Power      Damage    Failure   Level
 Sting                    Tmut/Pois      80%        1d7       2%          1
 Poisonous Vapours        Pois/Air       26%        N/A       7%          2
 Passwall                 Tmut/Erth      10%        N/A       8%          2
 Sandblast                Erth           6%         2d5       14%         1
 Slow                     Hex            12%        N/A       14%         1
 Swiftness                Air            10%        N/A       19%         3
 Ensorcelled Hibernation  Hex/Ice        6%         N/A       22%         2
 Olgreb's Toxic Radiance  Pois           16%        N/A       32%         4
 Confusing Touch          Hex            3%         N/A       41%         3
 Dazzling Flash           Conj/Hex       6%         N/A       41%         3
 Ozocubu's Armour         Ice            3%         N/A       41%         3
 Stone Arrow              Conj/Erth      6%         3d7       41%         3
 Vampiric Draining        Necr           3%         2d6       41%         3
 Ice Form                 Ice/Tmut       13%        N/A       43%         4
 Fulminant Prism          Conj/Hex       1%         3d6       82%         4
 Starburst                Conj/Fire      1%         6d3       100%        6
 Ozocubu's Refrigeration  Ice            1%         4d7       100%        7


Dungeon Overview and Level Annotations

Branches:
Dungeon (7/15)             Temple (1/1) D:5

Altars:
Ashenzari
Cheibriados
Dithmenos
Elyvilon
Gozag
Kikubaaqudgha
Nemelex Xobeh
Qazlal
Ru
Sif Muna
Trog
Uskayaw
Vehumet
Wu Jian
Xom
Yredelemnul
Zin

Annotations:
D:6 2 transporters, Rudyous's ghost, amateur HOFi
Temple 2 transporters


Innate Abilities, Weirdness & Mutations

One of your tentacles has grown a beastly spike.
You cannot wear most types of armour.
You are amphibious.
You can wear up to eight rings at the same time.
Your skin changes colour to match your surroundings (Stealth+).
Your rubbery body absorbs attacks. (AC +1, EV +1)
((You are camouflaged when in or above water. (Stealth+)))
You have tentacles for arms and can constrict up to eight enemies at once.


Message History

Unknown command. 2 orcs come into view.
Found a robe.
The orc shouts!
The orc wizard hits you with a +0 dagger.
Unknown command.
You barely miss the centaur.
The centaur unwields a +0 shortbow.
The centaur hits you but does no damage.
The centaur closely misses you.
The orc wizard hits you with a +0 dagger.
The centaur hits you.
The centaur kicks you but does no damage.
Unknown command.
You hit the centaur. You burn the centaur. Your squeeze misses the centaur.
The centaur is lightly wounded.
The centaur hits you but does no damage.
The centaur closely misses you.
The orc wizard hits you with a +0 dagger.
Unknown command.
The centaur attacks as you move away! The centaur misses you.
The centaur closely misses you.
The centaur wields a +0 shortbow.
The centaur shoots an arrow.
The arrow hits you but does no damage.
The orc wizard points at you and mumbles some strange words.
The puff of flame misses you.
The centaur shoots an arrow.
The arrow hits you.
The orc warrior attacks as you move away!
The orc warrior hits you with a +0 mace!
The centaur shoots an arrow.
The arrow hits you but does no damage.
Unknown command.
Your transformation is almost over.
The orc wizard is distracted by your dazzling golden aura.
Okay, then.
The orc warrior attacks as you move away!
The orc warrior hits you but does no damage.
The orc warrior attacks as you move away!
The orc warrior hits you with a +0 mace!
* * * LOW HITPOINT WARNING * * *
The orc warrior attacks as you move away!
The orc warrior hits you with a +0 mace!
You die...
Your body crumbles into a pile of gold.

### #<# #@#
#o# #.#
#########c#
....oo....#
........o.#
......o.o.#
..........#
$
[...........


You could see an orc warrior, a centaur, an orc wizard (wandering) and an orc.

Vanquished Creatures
  An ice beast (D:6)
  2 ogres
  A centaur (D:6)
  A phantom (D:5)
  A bullfrog (D:6)
  3 scorpions
  7 hounds
  An orc priest (D:4)
  A gnoll bouda (D:6)
  Jessica (D:2)
  5 iguanas
  7 orc wizards
  Natasha (thrice) (D:2)
  4 adders
  12 gnolls
  A shadow imp (D:6)
  A worm (D:2)
  3 dart slugs
  38 orcs
  6 bats
  3 endoplasms
  6 giant cockroaches
  3 goblins
  2 hobgoblins
  2 jackals (D:5)
  10 kobolds
  2 quokkas
  8 ball pythons
  2 frilled lizards
  4 rats
141 creatures vanquished.

Vanquished Creatures (others)
  11 plants (D:4)
11 creatures vanquished.

Grand Total: 152 creatures vanquished

Notes
Turn   | Place    | Note
-------+----------+-------------------------------------------
     0 | D:1      | Icepheonix32 the Octopode Transmuter began the quest for
                  | the Orb.
     0 | D:1      | Reached XP level 1. HP: 13/13 MP: 3/3
   413 | D:1      | Reached XP level 2. HP: 15/18 MP: 5/5
   644 | D:1      | Reached skill level 1 in Stealth
  1164 | D:2      | Noticed Natasha
  1171 | D:2      | Killed Natasha
  1172 | D:2      | Reached XP level 3. HP: 15/23 MP: 4/6
  1677 | D:2      | Identified the +1 short sword of Xom's Grace {flame, rF+
                  | Int+3 Stlth+}
  1696 | D:2      | Reached XP level 4. HP: 4/28 MP: 7/7
  2002 | D:2      | Reached skill level 2 in Stealth
  2077 | D:2      | Noticed Natasha
  2087 | D:2      | Killed Natasha
  2392 | D:2      | Noticed Jessica
  2404 | D:2      | Killed Jessica
  2405 | D:2      | Reached XP level 5. HP: 15/33 MP: 8/8
  2590 | D:2      | Got the Handbook of Cloudy Blasts
  2713 | D:2      | Noticed Natasha
  2722 | D:2      | Killed Natasha
  2909 | D:2      | Found a faded altar of an unknown god.
  2988 | D:3      | Learned a level 3 spell: Spider Form
  2992 | D:3      | Learned a level 3 spell: Mephitic Cloud
  2995 | D:3      | Learned a level 2 spell: Wereblood
  4107 | D:4      | Reached skill level 3 in Stealth
  4107 | D:4      | Reached XP level 6. HP: 19/38 MP: 10/10
  4369 | D:4      | Reached skill level 1 in Poison Magic
  5194 | D:5      | Entered Level 5 of the Dungeon
  5444 | D:5      | Reached skill level 4 in Stealth
  5444 | D:5      | Reached XP level 7. HP: 25/44 MP: 11/11
  6077 | D:5      | Found a staircase to the Ecumenical Temple.
  6083 | Temple   | Entered the Ecumenical Temple
  6083 | Temple   | Found a transporter.
  6083 | Temple   | Found a transporter.
  6085 | Temple   | Found a transporter.
  6085 | Temple   | Found a transporter.
  6100 | Temple   | Became a worshipper of Gozag Ym Sagoz the Greedy
  6506 | D:5      | Reached XP level 8. HP: 42/50 MP: 13/13
  7007 | D:6      | Found a transporter.
  7007 | D:6      | Noticed Rudyous's ghost (amateur HOFi)
  7168 | D:6      | Found a transporter.
  7261 | D:6      | Reached skill level 5 in Stealth
  7870 | D:6      | Identified the +9 hand axe of Generosity {freeze, Drain
                  | rPois Will+++ Str+5}
  8005 | D:6      | Reached skill level 5 in Transmutations
  8008 | D:6      | Reached skill level 5 in Dodging
  8008 | D:6      | Reached skill level 5 in Unarmed Combat
  8008 | D:6      | Reached skill level 1 in Air Magic
  8418 | D:7      | Reached skill level 6 in Stealth
  8427 | D:7      | Mangled by an orc warrior

Illustrated notes

Levels and vault maps discovered:
D:1:      psy_arrival_statuary, layout_loops_corners
D:2:      layout_loops_ring, basic_ecumenical_altar, uniq_natasha, uniq_jessica
D:3:      minmay_spotlight, layout_loops_ring, minmay_misc_feat_ornament
D:4:      layout_loops_ring, chequers_big_river
D:5:      layout_layer_cave, minmay_temple_entry_hall, cheibrodos_gnoll_hut
D:6:      layout_layer_cave, gammafunk_ghost_arena, minmay_misc_feat_five,
          minmay_joined_circles
D:7:      layout_basic, gammafunk_temple_overflow_pools, minmay_nine_imps
Temple:   hellmonk_temple_divided_pantheon

Skill      XL: |  1  2  3  4  5  6  7  8 |
---------------+-------------------------+-----
Stealth        | 1 2 3 4 6 |  6.0
Transmutations | 3 4 5 |  5.2
Poison Magic   | 1 2 3 |  3.5
Dodging        | 3 4 5 |  5.2
Spellcasting   | 3 |  3.6
Unarmed Combat | 4 5 |  5.4
Fighting       | 2 |  2.3
Air Magic      | 1 |  1.9

Action                   |  1- 3 |  4- 6 |  7- 9 || total
-------------------------+-------+-------+-------++-------
Melee: Unarmed           |    10 |    31 |    65 ||   106
       Constrict         |    12 |    22 |    25 ||    59
       Tentacles         |     8 |    16 |    24 ||    48
       Kick              |     9 |    16 |    16 ||    41
       Short sword       |    43 |    96 |   103 ||   242
       Punch             |     1 |     4 |     7 ||    12
 Cast: Beastly Appendage |    18 |    16 |     9 ||    43
       Spider Form       |       |     3 |     7 ||    10
       Wereblood         |       |     1 |     5 ||     6
       Mephitic Cloud    |       |       |     1 ||     1
 Abil: End Transformatio |       |       |     1 ||     1
  Use: Scroll            |       |     6 |       ||     6
 Stab: Sleeping          |     7 |    11 |    18 ||    36
       Distracted        |       |       |     4 ||     4
Armor: Skin              |     7 |     7 |    43 ||    57
Dodge: Dodged            |    31 |    67 |   161 ||   259
